 Dungeon Crawl Stone Soup version 0.17-a0-1617-gfba1302 (webtiles) character file.

35540 abixa the Arsonist (level 13, -3/116 HPs)
             Began as a Hill Orc Fire Elementalist on July 31, 2015.
             Was the Champion of Makhleb.
             Killed by drain life
             ... invoked by a soul eater
              (6 damage)
             ... on level 4 of the Orcish Mines on Aug 1, 2015.
             The game lasted 01:39:58 (24939 turns).

abixa the Arsonist (Hill Orc Fire Elementalist)    Turns: 24939, Time: 01:39:58

Health: -3/116     AC: 12    Str: 18    XL:     13   Next: 84%
Magic:  11/22      EV:  5    Int: 19    God:    Makhleb [******]
Gold:   2134       SH:  0    Dex: 11    Spells: 7 memorised, 0 levels left

rFire  + + +     SeeInvis .     H - +9 short sword "Hufew" {venom, Str+6}
rCold  x . .     Clarity  .     Y - +2 scale mail {rF+}
rNeg   . . .     SustAt   .     (no shield)
rPois  .         Gourm    +     (no helmet)
rElec  .         Spirit   .     F - +0 cloak
rCorr  .         Warding  .     U - +0 pair of gloves
rMut   .         Stasis   .     (no boots)
MR     .....                    n - amulet of the gourmand
Stlth  ..........               S - ring of protection from fire
                                X - ring of fire

@: drained, not resistant to hostile enchantments, extremely unstealthy
A: no striking features
a: Minor Destruction, Lesser Servant of Makhleb, Major Destruction, Greater
Servant of Makhleb, Renounce Religion, Convert to Beogh


You were on level 4 of the Orcish Mines.
You worshipped Makhleb.
Makhleb was exalted by your worship.
You were very full.

You visited 4 branches of the dungeon, and saw 19 of its levels.

You collected 2168 gold pieces.
You spent 34 gold pieces at shops.

Inventory:

Hand weapons
 g - a +0 blowgun
 H - the +9 short sword "Hufew" (weapon) {venom, Str+6}
   (You found it on level 4 of the Dungeon)

   It poisons the flesh of those it strikes.
   It affects your strength (+6).
 K - a +0 battleaxe
Missiles
 m - 8 needles of confusion
 J - 78 poisoned needles
Armour
 x - a +0 chain mail of poison resistance
 y - a +0 ring mail of cold resistance
 C - a +3 plate armour
 F - a +0 cloak (worn)
 U - a +0 pair of gloves (worn)
 Y - a +2 scale mail of fire resistance (worn)
Jewellery
 d - an uncursed ring of positive energy
 n - an amulet of the gourmand (around neck)
 S - a ring of protection from fire (right hand)
 X - a ring of fire (left hand)
Magical devices
 a - a wand of slowing (26)
 h - a wand of hasting (1)
 q - a wand of draining (9)
 R - a wand of confusion (31)
 T - a wand of disintegration (1)
Scrolls
 f - a scroll of amnesia {unknown}
 i - 6 scrolls of magic mapping
 l - 3 scrolls of blinking
 o - 4 scrolls of teleportation
 p - a scroll of holy word {unknown}
 s - a scroll of enchant weapon {unknown}
 w - 2 scrolls of fog
 A - 6 scrolls of remove curse
 B - a scroll of immolation {unknown}
 Z - a scroll of silence {unknown}
Potions
 t - 5 potions of heal wounds
 I - 5 potions of curing
Books
 P - a book of Conjurations

   Spells                             Type                      Level
   a - Magic Dart                     Conjuration                  1
   b - Searing Ray                    Conjuration                  2
   c - Dazzling Spray                 Conjuration/Hexes            3
   d - Fulminant Prism                Conjuration/Hexes            4
   e - Iskenderun's Mystic Blast      Conjuration                  4
   f - Iskenderun's Battlesphere      Conjuration/Charms           5
Comestibles
 c - 9 bread rations
 k - 8 fruits


   Skills:
 - Level 11.0(10.6) Fighting
 - Level 6.5(6.2) Armour
 - Level 1.5(1.2) Dodging
 - Level 1.5(1.2) Stealth
 - Level 6.3(5.9) Spellcasting
 - Level 12.4(12.0) Conjurations
 + Level 2.5(2.2) Charms
 - Level 13.5(13.2) Fire Magic
 - Level 9.0(8.7) Invocations


You couldn't memorise any spells.
You knew the following spells:

 Your Spells              Type           Power        Failure   Level  Hunger
a - Flame Tongue          Conj/Fire      #####        1%          1    None
b - Throw Flame           Conj/Fire      ######       1%          2    None
c - Conjure Flame         Conj/Fire      ######..     1%          3    ##.....
d - Sticky Flame          Conj/Fire      ######..     1%          4    ####...
e - Iskenderun's Mystic   Conj           ######..     1%          4    ####...
f - Fireball              Conj/Fire      ######....   6%          5    #####..
g - Iskenderun's Battles  Conj/Chrm      ####....     52%         5    #####..


Dungeon Overview and Level Annotations

Branches:
Dungeon (11/15)            Temple (1/1) D:6            Lair (3/8) D:8
    Orc (4/4) D:11            Elf (0/3) Orc:3
  Swamp: Lair:3-6    Shoals: Lair:3-6     Snake: Lair:3-6    Spider: Lair:3-6

Altars:
Ashenzari
Cheibriados
Dithmenos
Elyvilon
Fedhas
Gozag
Kikubaaqudgha
Makhleb
Nemelex Xobeh
Okawaru
Qazlal
Ru
Sif Muna
Trog
Vehumet
Xom
Yredelemnul
Zin
The Shining One
Beogh

Shops:
Orc:1 !:   Orc:2 :   Orc:4 ??

Annotations:
D:3 Grinder
D:11 Maud
Lair:3 MikeDS's ghost, powerful HOGl


Message History

Something smites you!
The orc moves out of view.
The orc completely misses you.
You see here a hand axe.
The orc priest calls down the wrath of Beogh upon you.
Pain shoots through your body!
* * * LOW HITPOINT WARNING * * *
You found a teleport trap!
The soul eater looks more healthy.
The soul eater draws from the surrounding life force!
* * * LOW HITPOINT WARNING * * *
The soul eater is healed.
The orc priest mumbles some strange prayers to Beogh against you.
Something smites you!
* * * LOW HITPOINT WARNING * * *
The teleport trap disappears.
The orc disappears!
The soul eater draws from the surrounding life force!
* * * LOW HITPOINT WARNING * * *
There is an escape hatch in the ceiling here.
Things that are here:
a tomahawk; a flail The soul eater draws from the surrounding life force!
You die...

##....#.....###.##....# 3.
#.∩###..........#..##..... .#.....
##...................
...#.∩###.....).##...........
.#...###.....)[(.#...........
....###.....[)<..##..........
...###.......().###..........
##..###............#...........
##[.###....oo.@.....#...........
##..###....o..(.....#........))..
##))###..3....([.....#.........)..
##..###.........))[...........))...
#[(###...................#....[....
.(###...........)..................
.###...............................
)##).##....).......................
.)(...##.#.........................


You could see a soul eater, an orc priest and 2 orcs.

Vanquished Creatures
  Josephine (D:10)
  An ogre mage (D:11)
  Erica (D:9)
  7 hydras
  2 orc high priests (Orc:3)
  3 orc knights
  Pikel (D:7)
  2 hill giants
  A black mamba (Lair:2)
  A rust devil (Orc:4)
  Maurice (D:8)
  Joseph (D:10)
  Psyche (D:9)
  A centaur skeleton (D:11)
  10 spiny frogs
  2 komodo dragons (Lair:2)
  A red devil (Orc:4)
  5 trolls
  8 blink frogs (Lair:2)
  2 two-headed ogres
  3 wraiths (D:10)
  18 yaks
  4 hippogriffs
  A deep elf mage (D:9)
  2 steam dragons
  6 wolves (Lair:1)
  7 porcupines
  2 sky beasts
  A warg (Orc:3)
  5 water moccasins
  A slave (D:7)
  A necrophage (D:9)
  14 ogres
  27 orc warriors
  A black bear (D:10)
  An ice beast (D:7)
  4 centaurs
  6 crocodiles
  11 giant frogs
  2 big kobolds (D:9)
  A water moccasin zombie (D:8)
  A wyvern zombie (D:6)
  A water moccasin skeleton (D:11)
  2 scorpions
  9 wights
  A wyvern skeleton (D:6)
  4 killer bees (D:9)
  An electric eel (Lair:1)
  5 crimson imps
  9 iguanas
  2 centaur zombies
  7 hounds
  A jelly (D:10)
  26 orc wizards
  39 orc priests
  2 quasits
  11 worker ants
  7 sheep (Lair:1)
  A hound zombie (D:5)
  A hound skeleton (D:6)
  A worker ant zombie (D:5)
  13 adders
  10 gnolls
  2 shadow imps
  12 river rats (Lair:1)
  4 adder skeletons
  An adder zombie (D:5)
  3 worms
  2 giant geckos
  202 orcs
  2 giant cockroaches
  8 goblins
  9 hobgoblins
  6 jackals
  6 quokkas
  2 ball pythons
  8 bats
  3 giant newts (D:2)
  15 kobolds
  A quokka skeleton (D:7)
  2 quokka zombies
  6 rats
618 creatures vanquished.

Vanquished Creatures (others)
  A slave (D:7)
  An orc wizard (D:11)
  A giant cockroach (D:7)
  A bush (Lair:2)
  7 fungi
  A plant (Lair:2)
12 creatures vanquished.

Grand Total: 630 creatures vanquished

Notes
Turn   | Place    | Note
--------------------------------------------------------------
     0 | D:1      | abixa the Hill Orc Fire Elementalist began the quest for the Orb.
     0 | D:1      | Reached XP level 1. HP: 14/14 MP: 3/3
   322 | D:1      | Reached XP level 2. HP: 20/20 MP: 1/4
   840 | D:2      | Reached XP level 3. HP: 26/26 MP: 2/5
   956 | D:2      | Found a bloodstained altar of Trog.
  1168 | D:2      | Found a faded altar to an unknown god.
  1288 | D:2      | Reached XP level 4. HP: 33/33 MP: 1/6
  1541 | D:3      | Reached skill level 4 in Fire Magic
  1569 | D:2      | Learned a level 2 spell: Throw Flame
  1573 | D:2      | Learned a level 3 spell: Conjure Flame
  1797 | D:3      | Noticed Grinder
  1867 | D:3      | Reached XP level 5. HP: 38/38 MP: 7/7
  1990 | D:3      | Found an opulent altar of Gozag.
  2026 | D:3      | Found a blossoming altar of Fedhas.
  2421 | D:4      | Found a shimmering altar of Xom.
  2692 | D:4      | Got a pitted short sword
  2693 | D:4      | Identified the +9 short sword "Hufew" {venom, Str+6} (You found it on level 4 of the Dungeon)
  3032 | D:4      | Noticed an ogre
  3044 | D:4      | Killed an ogre
  3044 | D:4      | Reached skill level 1 in Fighting
  3044 | D:4      | Reached XP level 6. HP: 37/47 MP: 0/9
  3434 | D:5      | Entered Level 5 of the Dungeon
  3654 | D:5      | Reached skill level 5 in Fire Magic
  3929 | D:5      | Reached XP level 7. HP: 51/53 MP: 9/11
  4031 | D:5      | Reached skill level 5 in Conjurations
  5010 | D:6      | Learned a level 4 spell: Sticky Flame
  5053 | D:6      | Reached XP level 8. HP: 39/63 MP: 1/13
  5161 | D:6      | Found a staircase to the Ecumenical Temple.
  5332 | D:6      | Reached skill level 6 in Fire Magic
  5340 | Temple   | Entered the Ecumenical Temple
  5354 | Temple   | Became a worshipper of Makhleb the Destroyer
  5826 | D:7      | Noticed Pikel
  5842 | D:7      | Killed Pikel
  5842 | D:7      | Reached skill level 5 in Fighting
  5951 | D:7      | Reached XP level 9. HP: 41/74 MP: 15/15
  6228 | D:7      | Reached skill level 7 in Fire Magic
  6235 | D:7      | Learned a level 5 spell: Fireball
  6814 | D:8      | Acquired Makhleb's first power
  6873 | D:8      | Found a staircase to the Lair.
  7311 | D:8      | Found a shadowy altar of Dithmenos.
  7764 | D:9      | Reached skill level 5 in Spellcasting
  7764 | D:9      | Reached skill level 8 in Fire Magic
  7947 | D:9      | Noticed Erica
  7963 | D:9      | Noticed Psyche
  8006 | D:9      | Noticed Maurice
  8081 | D:8      | Killed Maurice
  8081 | D:8      | Reached XP level 10. HP: 63/86 MP: 17/17
  8233 | D:8      | Found a staircase to the Lair.
  8747 | D:8      | Found a shadowy altar of Dithmenos.
  9415 | D:9      | Acquired Makhleb's second power
  9516 | D:9      | Reached skill level 9 in Fire Magic
 10603 | D:9      | Killed Psyche
 10616 | D:9      | Acquired Makhleb's third power
 10655 | D:9      | Killed Erica
 10655 | D:9      | Reached XP level 11. HP: 97/97 MP: 10/20
 10776 | D:10     | Entered Level 10 of the Dungeon
 11292 | D:10     | Noticed a hill giant
 11300 | D:10     | Killed a hill giant
 11300 | D:10     | Reached skill level 10 in Fire Magic
 11392 | D:10     | Noticed Joseph
 11430 | D:10     | Killed Joseph
 11430 | D:10     | Reached skill level 10 in Fighting
 12101 | D:10     | Noticed Josephine
 12112 | D:10     | Killed Josephine
 12265 | D:11     | Noticed Maud
 12372 | Lair:1   | Entered Level 1 of the Lair of Beasts
 12577 | Lair:1   | Reached skill level 10 in Conjurations
 12859 | Lair:1   | Acquired Makhleb's fourth power
 13355 | Lair:1   | Reached skill level 11 in Fighting
 13395 | Lair:1   | Reached skill level 1 in Invocations
 13856 | Lair:2   | Upgraded the game from 0.17-a0-1596-g1e86911 to 0.17-a0-1617-gfba1302
 14089 | Lair:2   | Noticed a four-headed hydra
 14259 | Lair:2   | Noticed a six-headed hydra
 14264 | Lair:2   | Killed a six-headed hydra
 14403 | Lair:2   | Killed a four-headed hydra
 14403 | Lair:2   | Reached XP level 12. HP: 71/110 MP: 9/21
 15977 | Lair:2   | Noticed a four-headed hydra
 15981 | Lair:2   | Killed a four-headed hydra
 16259 | Lair:2   | Noticed a six-headed hydra
 16261 | Lair:2   | Noticed an eight-headed hydra
 16385 | Lair:2   | Killed an eight-headed hydra
 16385 | Lair:2   | Reached skill level 12 in Fire Magic
 16809 | Lair:3   | Noticed MikeDS's ghost (powerful HOGl)
 16821 | Lair:2   | Killed a six-headed hydra
 17312 | D:11     | Noticed a hill giant
 17402 | D:11     | Noticed a four-headed hydra
 17406 | D:11     | Killed a four-headed hydra
 17406 | D:11     | Reached XP level 13. HP: 99/116 MP: 9/22
 17654 | D:11     | Acquired Makhleb's fifth power
 17775 | D:11     | Killed a hill giant
 17924 | D:11     | Noticed an ogre mage
 18465 | D:11     | Reached skill level 13 in Fire Magic
 18755 | D:11     | Killed an ogre mage
 19144 | D:11     | Found a staircase to the Orcish Mines.
 19319 | Orc:1    | Entered Level 1 of the Orcish Mines
 19566 | Orc:1    | Found Zusala's Distillery.
 19573 | Orc:1    | Bought a potion of poison for 17 gold pieces
 19573 | Orc:1    | Bought a potion of degeneration for 17 gold pieces
 21122 | Orc:2    | Found Kocsept's Book Emporium.
 21687 | Orc:1    | Reached skill level 1 in Armour
 21706 | Orc:1    | Found Ezeopnoi's Book Shop.
 22141 | Orc:3    | Found a staircase to the Elven Halls.
 22807 | Orc:3    | Found a roughly hewn altar of Beogh.
 22964 | Orc:4    | Entered Level 4 of the Orcish Mines
 22967 | Orc:4    | Reached skill level 5 in Armour
 24112 | Lair:1   | Noticed a four-headed hydra
 24115 | Lair:1   | Killed a four-headed hydra
 24146 | Lair:2   | Learned a level 4 spell: Iskenderun's Mystic Blast
 24152 | Lair:2   | Learned a level 5 spell: Iskenderun's Battlesphere
 24659 | Orc:4    | Reached skill level 1 in Charms
 24752 | Orc:4    | Found Nost's Magic Scroll Emporium.
 24760 | Orc:4    | Found Edeop's Magic Scroll Shoppe.
 24937 | Orc:4    | HP: 2/116 [soul eater/drain life (10)]
 24939 | Orc:4    | Killed from afar by a soul eater

Vault maps used:
D:1:      scummos_arrival_hexagon
D:2:      ecumenical_altar_2, minmay_misc_feat_iff, kennysheep_another_room,
          trog_butcher_becter
D:3:      lemuel_round_altar, fedhas_altar_4, uniq_grinder
D:4:      first_bread, xom_teletrap_fun
D:6:      minmay_temple_entry_from_below_b, serial_shops, nicolae_shop_crystal,
          uniq_duvessa, uniq_menkaure
D:7:      minmay_misc_feat_nine_boxes, grunt_ministairs_2, grunt_ogre_cave,
          uniq_pikel
D:8:      lair_0_dummy, basic_altar
D:9:      uniq_erica, uniq_maurice, uniq_psyche
D:10:     uniq_josephine, uniq_joseph
D:11:     david_orc_3, nicolae_straight_to_the_point, uniq_maud
Temple:   grunt_circular_temple_18
Lair:1:   grunt_forest_small_clearing_treed, infiniplex_staircase_pool
Lair:2:   forest_paths
Lair:3:   uniq_nergalle, uniq_gastronok
Orc:1:    serial_shops, shop, nicolae_shop_trees
Orc:2:    serial_shops, shop
Orc:3:    nicolae_orc_pool_cavern, bh_open_orc_temple
Orc:4:    pf_orc_diabolical, special_room

Action                   |  1- 3 |  4- 6 |  7- 9 | 10-12 | 13-15 || total
-------------------------+-------+-------+-------+-------+-------++-------
Melee: Short sword       |    53 |    83 |   150 |   340 |   560 ||  1186
       Dagger            |       |    33 |       |       |       ||    33
       Halberd           |       |       |       |     6 |       ||     6
 Cast: Flame Tongue      |    35 |    33 |    52 |   164 |    42 ||   326
       Conjure Flame     |       |     1 |     6 |    32 |     2 ||    41
       Sticky Flame      |       |       |     3 |    45 |    28 ||    76
       Throw Flame       |       |       |       |    13 |     2 ||    15
       Fireball          |       |       |       |    15 |    49 ||    64
       Iskenderun's Myst |       |       |       |       |    12 ||    12
Evoke: Wand              |       |     1 |       |       |     1 ||     2
  Use: Scroll            |       |       |       |    11 |     4 ||    15
 Stab: Sleeping          |     4 |     5 |     3 |     1 |       ||    13
       Distracted        |       |       |     1 |     1 |       ||     2
       Fleeing           |       |       |       |     1 |       ||     1
  Eat: Chunk             |     2 |     9 |    14 |    51 |    45 ||   121
